 Dungeon Crawl Stone Soup version 0.31-a0-1237-gabc64e778c (webtiles) character file.

Game seed: 2464001423189219344

989 gelatine the Shield-Bearer (level 7, -11/55 HPs)
             Began as a Demonspawn Fighter on Dec 16, 2023.
             Mangled by an ogre
             ... wielding a +0 giant club
              (42 damage)
             ... on level 5 of the Dungeon.
             The game lasted 00:09:51 (3379 turns).

gelatine the Shield-Bearer (Demonspawn Fighter)     Turns: 3379, Time: 00:09:51

Health: -11/55     AC: 12    Str: 18    XL:     7   Next: 98%
Magic:  7/7        EV: 10    Int: 11    God:
Gold:   266        SH: 10    Dex: 12    Spells: 6/6 levels left

rFire   + . .        q - +2 whip (freeze)
rCold   . . .        c - +0 buckler
rNeg    . . .        b - +0 scale mail
rPois   .            m - +0 helmet
rElec   .            d - +0 cloak
rCorr   .            (no gloves)
SInv    .            (no boots)
Will    .....        v - amulet "Coycim" {Reflect ^Contam Regen+ Int+2 SH+5} Stlth
                     p - ring of protection from fire
HPRegen 1.09/turn    (no ring)
MPRegen 0.10/turn

%: reflection
@: no status effects
A: icy blue scales 2, spiny 1, demonic touch 2
a: no special abilities


You were on level 5 of the Dungeon.
You visited 2 branches of the dungeon, and saw 6 of its levels.

You collected 266 gold pieces.

Inventory:

Hand Weapons
 a - a +0 war axe
 q - a +2 whip of freezing (weapon)
 w - a +0 hand axe of freezing
Missiles
 e - 2 javelins
 C - 4 silver javelins
Armour
 b - a +0 scale mail (worn)
 c - a +0 buckler (worn)
 d - a +0 cloak (worn)
 m - a +0 helmet (worn)
Jewellery
 n - an amulet of the acrobat
 p - a ring of protection from fire (left hand)
 v - the amulet "Coycim" (around neck) {Reflect ^Contam Regen+ Int+2 SH+5}
   (You found it on level 3 of the Dungeon)

   [amulet of reflection]

   Reflect:   It reflects blocked missile attacks.
   Int+2:     It affects your intelligence (+2).
   ^Contam:   It causes magical contamination when unequipped.
   Regen+:    It increases your rate of health regeneration.
   SH+5:      It affects your SH (+5).
Scrolls
 f - a scroll of noise {unknown}
 i - a scroll of fear {unknown}
 k - a scroll of revelation {unknown}
 o - a scroll of amnesia {unknown}
 r - a scroll of vulnerability {unknown}
 s - a scroll of poison {unknown}
 y - a scroll of torment {unknown}
 z - 2 scrolls of teleportation {unknown}
 B - a scroll of identify
Potions
 g - a potion of brilliance
 h - a potion of cancellation
 j - a potion of mutation {unknown}
 l - 2 potions of heal wounds
 t - 3 potions of curing
 u - a potion of magic
 A - a potion of attraction {unknown}


   Skills:
 * Level 4.5 Fighting
 + Level 4.5 Axes
 + Level 0.1 Throwing
 * Level 4.3 Armour
 * Level 3.0 Dodging
 + Level 0.1 Stealth
 * Level 4.7 Shields
 + Level 1.7 Evocations


You had 6 spell levels left.
You didn't know any spells.
Your spell library contained the following spells:

 Spells                   Type           Power      Damage    Failure   Level
 Kiss of Death            Conj/Necr      0%         2d5       80%         1
 Confusing Touch          Hex            0%         N/A       99%         3
 Dispel Undead            Necr           0%         3d6       100%        4


Dungeon Overview and Level Annotations

Branches:
Dungeon (5/15)             Temple (1/1) D:4

Altars:
Ashenzari
Dithmenos
Fedhas
Hepliaklqana
Kikubaaqudgha
Makhleb
Nemelex Xobeh
Okawaru
Qazlal
Sif Muna
Trog
Uskayaw
Wu Jian
Xom
Yredelemnul


Innate Abilities, Weirdness & Mutations

You are mostly covered in icy blue scales. (AC +3)
You are partially covered in sharp spines.
Your touch may inflict irresistible damage on your foes.


Message History

You hit the orc. You freeze the orc.
You kill the orc!
There is an open door here.
Things that are here:
a +0 flail; a +0 leather armour
Items here: ( )) [.
C - 4 silver javelins
There is an open door here.
Things that are here:
a +0 flail; a +0 leather armour
There is an open door here.
There is an open door here.
There is an open door here.
Found a cloak.
An ogre comes into view. It is wielding a +0 giant club.
The ogre shouts!
You throw a datura-tipped dart.
The datura-tipped dart barely misses the ogre.
You throw a datura-tipped dart. The datura-tipped dart hits the ogre.
The ogre flies into a frenzy!
You throw a datura-tipped dart. The datura-tipped dart hits the ogre.
The ogre is struck by your spines. The ogre barely misses you.
You barely miss the ogre.
The ogre is lightly wounded.
The ogre hits you with a +0 giant club!!
You hit the ogre. You freeze the ogre.
The ogre is heavily wounded.
The ogre is struck by your spines. The ogre closely misses you.
You hit the ogre. You freeze the ogre.
The ogre is severely wounded.
The ogre is struck by your spines.
The ogre hits you with a +0 giant club!!!
Ouch! That really hurt!
You die...

#.....##..#####.###<# #...##...
..###.##..#......#### ##.......
### #..........### #.......
#####..#.....### #.......
.#...))#.##...# #.......
.....#...###..### #.......
####....####....# . #...#... #
##.....##.##.####'''# ###.####
#####.##........@O.(..(# #.#
......###.......#...#### #.#
.########.##.##..##.### ##.# ##
##.<##...#..#...# #..# ###
#...####......#.## #.## ..##
##.#.## ####.#....####.###
#..###..#..#### #.###.........#
##.....###....###.####........#
##..#### ###.......# #####..#.#


You could see a neutral ogre (fast, strong, frenzied).

Vanquished Creatures
  Pikel (D:5)
  An ice beast (D:5)
  An ogre (D:5)
  A lemure (D:5)
  A howler monkey (D:5)
  A sleepcap (D:5)
  Crazy Yiuf (D:2)
  2 iguanas (D:5)
  An orc wizard (D:5)
  Natasha (thrice) (D:2)
  Robin (D:2)
  3 gnolls (D:5)
  2 adders (D:5)
  2 worms
  3 dart slugs
  4 orcs
  9 endoplasms
  2 giant cockroaches
  18 goblins
  4 hobgoblins
  6 jackals
  6 kobolds
  2 quokkas
  5 ball pythons
  7 bats
  2 rats
89 creatures vanquished.

Notes
Turn   | Place    | Note
-------+----------+-------------------------------------------
     0 | D:1      | gelatine the Demonspawn Fighter began the quest for the
                  | Orb.
     0 | D:1      | Reached XP level 1. HP: 18/18 MP: 1/1
   284 | D:1      | Gained mutation: You are partially covered in icy blue
                  | scales. (AC +2) [demonic ancestry]
   284 | D:1      | Reached XP level 2. HP: 21/24 MP: 2/2
   641 | D:2      | Gained mutation: Your touch may inflict minor irresistible
                  | damage on your foes. [demonic ancestry]
   641 | D:2      | Reached XP level 3. HP: 22/29 MP: 3/3
   667 | D:2      | Found a blossoming altar of Fedhas.
   840 | D:2      | Noticed Robin
   848 | D:2      | Killed Robin
   916 | D:2      | Reached XP level 4. HP: 29/35 MP: 4/4
   940 | D:2      | Noticed Natasha
   950 | D:2      | Killed Natasha
  1114 | D:2      | Found a faded altar of an unknown god.
  1406 | D:2      | Found a runed translucent door.
  1407 | D:2      | Noticed Crazy Yiuf
  1466 | D:2      | Killed Crazy Yiuf
  1532 | D:2      | Noticed Natasha
  1538 | D:2      | Killed Natasha
  1539 | D:2      | Reached skill level 1 in Dodging
  1539 | D:2      | Gained mutation: You are partially covered in sharp spines.
                  | [demonic ancestry]
  1539 | D:2      | Reached XP level 5. HP: 42/42 MP: 5/5
  1625 | D:2      | Noticed Natasha
  1632 | D:2      | Killed Natasha
  2059 | D:3      | Identified the amulet "Coycim" {Reflect ^Contam Regen+
                  | Int+2 SH+5}
  2261 | D:4      | Found a burning altar of Makhleb.
  2403 | D:4      | Found a staircase to the Ecumenical Temple.
  2419 | Temple   | Entered the Ecumenical Temple
  2680 | D:5      | Entered Level 5 of the Dungeon
  2756 | D:5      | Noticed an ogre
  2764 | D:5      | Killed an ogre
  2765 | D:5      | Gained mutation: Your touch may inflict irresistible damage
                  | on your foes. [demonic ancestry]
  2765 | D:5      | Reached XP level 6. HP: 19/48 MP: 6/6
  2807 | D:5      | Noticed an ice beast
  2828 | D:5      | Killed an ice beast
  2912 | D:5      | Reached skill level 1 in Evocations
  2938 | D:5      | Noticed Pikel
  2965 | D:5      | Killed Pikel
  2966 | D:5      | Gained mutation: You are mostly covered in icy blue scales.
                  | (AC +3) [demonic ancestry]
  2966 | D:5      | Reached XP level 7. HP: 37/55 MP: 7/7
  3229 | D:5      | Found a sparkling altar of Nemelex Xobeh.
  3379 | D:5      | Mangled by an ogre

Illustrated notes

Levels and vault maps discovered:
D:1:      evilmike_arrival_rings, layout_basic
D:2:      layout_basic, basic_altar, shapermc_ecumenical_altar_mp_vishouse,
          uniq_crazy_yiuf_cottage, uniq_natasha, uniq_robin
D:3:      layout_basic
D:4:      layout_rooms, lemuel_tele_altar, minmay_temple_entry_wispy,
          minmay_distorted
D:5:      layout_rooms, mainiacjoe_overflow_alcove_4,
          mainiacjoe_overflow_24_doors, uniq_pikel
Temple:   nicolae_temple_ecumenical_triangle

Skill      XL: |  1  2  3  4  5  6 |
---------------+-------------------+-----
Axes           | 2 3 4 |  4.5
Armour         | 3 4 |  4.3
Shields        | 3 4 |  4.7
Dodging        | 1 2 3 |  3.0
Fighting       | 4 |  4.5
Evocations     | 1 |  1.7
Throwing       | |  0.1
Stealth        | |  0.1

Action                     |  1- 3 |  4- 6 |  7- 9 || total
---------------------------+-------+-------+-------++-------
  Melee: War axe           |    74 |    49 |       ||   123
         Hand axe          |       |   102 |       ||   102
         Whip              |       |       |    44 ||    44
  Throw: Javelin           |       |     2 |       ||     2
         Dart              |       |     1 |     3 ||     4
  Evoke: Wand              |       |    15 |       ||    15
    Use: Potion            |       |     2 |       ||     2
         Scroll            |       |     6 |       ||     6
 Armour: Scale mail        |    57 |    88 |    29 ||   174
  Dodge: Dodged            |    40 |    45 |    16 ||   101
  Block: Buckler           |    51 |    88 |    20 ||   159
         Reflection        |     2 |     2 |       ||     4

Table legend: (Time is in decaauts)
 A = Elapsed time spent in this place.
 B = Non-inter-level travel time spent in this place.
 C = Inter-level travel time spent in this place.
 D = Time resting spent in this place.
 E = Time spent auto-exploring this place.
 F = Levels seen in this place.
 G = Mean time per level.
                   A        B        C        D        E       F      G
               +--------+--------+--------+--------+--------+-----+--------+
         Total |   3442 |   3250 |    192 |      0 |   2287 |   6 |  573.7 |
       Dungeon |   3440 |   3248 |    192 |      0 |   2287 |   5 |  688.0 |
        Temple |      1 |      1 |      0 |      0 |      0 |   1 |    1.0 |
               +--------+--------+--------+--------+--------+-----+--------+

Top non-repeatable levels by time:
     D:2: 1089 daAuts
     D:5: 710 daAuts
     D:1: 599 daAuts
     D:3: 575 daAuts
     D:4: 465 daAuts
  Temple: 1 daAuts
